 Dungeon Crawl Stone Soup version 0.25-a0-719-gde951dc (webtiles) character file.

Game seed: 7499917260469119782, levelgen mode: deterministic

26 BlueFish the Magician (level 2, 0/20 HPs)
             Began as a Mummy Wizard on Apr 6, 2020.
             Slain by a hobgoblin
             ... wielding a +0 club
             ... led by Robin
              (7 damage)
             ... on level 1 of the Dungeon.
             The game lasted 00:02:43 (1533 turns).

BlueFish the Magician (Mummy Wizard)                Turns: 1533, Time: 00:02:43

Health: 0/20       AC:  2    Str: 10    XL:     2   Next: 89%
Magic:  0/7        EV: 12    Int: 17    God:
Gold:   102        SH:  0    Dex: 10    Spells: 3/10 levels left

rFire    x . .     SeeInvis .   d - +1 dagger
rCold    + . .     Gourm    .   (no shield)
rNeg     + + +     Faith    .   a - +0 robe
rPois    ∞         Spirit   .   b - +0 hat
rElec    .         Reflect  .   (no cloak)
rCorr    .         Harm     .   (no gloves)
MR       .....                  (no boots)
Stlth    ++........             (no amulet)
HPRegen  0.06/turn              (no ring)
MPRegen  0.10/turn              (no ring)

@: very slightly contaminated
A: no food or potions, fire vulnerability, cold resistance 1, negative energy
resistance 3, torment resistance, unbreathing
a: no special abilities


You were on level 1 of the Dungeon.
You were not hungry.

You visited 1 branch of the dungeon, and saw 2 of its levels.

You collected 102 gold pieces.

Inventory:

Hand Weapons
 d - a +1 dagger (weapon)
Armour
 a - a +0 robe (worn)
 b - a +0 hat (worn)
Scrolls
 g - a scroll of amnesia {unknown}


   Skills:
 * Level 0.4 Fighting
 * Level 1.7 Dodging
 * Level 1.7 Stealth
 * Level 4.7 Spellcasting
 + Level 1.2 Conjurations
 + Level 0.7 Summonings
 + Level 0.7 Translocations


You had 3 spell levels left.
You knew the following spells:

 Your Spells              Type           Power        Failure   Level  Hunger
a - Magic Dart            Conj           #...         9%          1    N/A
b - Blink                 Tloc           N/A          17%         2    N/A
c - Call Imp              Summ           #.......     17%         2    N/A
d - Slow                  Hex            #.......     22%         2    N/A

Your spell library contained the following spells:

 Spells                   Type           Power        Failure   Level  Hunger
 Conjure Flame            Conj/Fire      #.......     34%         3    N/A
 Mephitic Cloud           Conj/Pois/Air  #.......     36%         3    N/A

Dungeon Overview and Level Annotations

Branches:
Dungeon (2/15)

Altars:

Annotations:
D:1 Robin


Innate Abilities, Weirdness & Mutations

You do not eat or drink.
Your flesh is vulnerable to fire.
You are immune to poison.
Your flesh is cold resistant. (rC+)
You are immune to negative energy. (rN+++)
You are immune to unholy pain and torment.
You can survive without breathing.


Message History

You hear a shout!
You barely miss Robin.
Robin is lightly wounded.
Robin hits you with a +0 whip.
Your crimson imp completely misses the hobgoblin.
The hobgoblin hits you with a +0 club.
An adder comes into view.
A hobgoblin comes into view. It is wielding a +0 club.
There is a stone staircase leading up here.
Your crimson imp hits the hobgoblin.
The hobgoblin barely misses you. Robin misses you.
You climb upwards.
Your summoned ally is left behind.
There is a stone staircase leading down here.
Casting: Call Imp (safe; 17% risk of failure)
Confirm with . or Enter, or press ? or * to list all spells.
You miscast Call Imp.
A fistful of eyes flickers past your view.
The hobgoblin hits you with a +0 club. Robin barely misses you.
The hobgoblin hits you with a +0 club!
You die...

..#.# #.....#..........######'#'#
.##.# #.....##.........# #.#.#
###.# #.........%......# #.#.#
8##.# #...^.....(..##### #.#.#
.##.###............# #.#.#
..#....)...........##########.#.#
..#...........................#.#
###.............g.#############.#
#.........#...@>g.............#
###.........#...###.....#########
.........(..'...'.'.....'.......#
............#...###.....#######.#
.......######...# #.....#######'#
.......# #...# #..............
##...### #...# #..............
#...# #...###.............. #####
#....................


You could see Robin and a hobgoblin.

Vanquished Creatures
  A dart slug (D:2)
  A leopard gecko (D:1)
  A ball python (D:1)
  5 bats
  4 goblins
  4 hobgoblins (D:1)
  A frilled lizard (D:1)
  2 kobolds
  2 rats (D:1)
21 creatures vanquished.

Notes
Turn   | Place    | Note
-------+----------+-------------------------------------------
     0 | D:1      | BlueFish the Mummy Wizard began the quest for the Orb.
     0 | D:1      | Reached XP level 1. HP: 13/13 MP: 5/5
   205 | D:1      | Reached XP level 2. HP: 13/20 MP: 0/7
   378 | D:1      | Reached skill level 1 in Conjurations
   613 | D:1      | Learned a level 2 spell: Blink
   616 | D:1      | Learned a level 2 spell: Call Imp
   619 | D:1      | Learned a level 2 spell: Slow
  1466 | D:2      | Noticed Robin
  1533 | D:1      | Slain by a hobgoblin

Levels and vault maps discovered:
D:1:      eino_arrival_water_star, layout_basic
D:2:      layout_rooms, grunt_dithmenos_smoke_and_mirrors, uniq_jessica,
          uniq_robin

Skill      XL: |  1  2 |
---------------+-------+-----
Conjurations   | 1 |  1.2
Fighting       | |  0.4
Dodging        | |  1.7
Stealth        | |  1.7
Spellcasting   | |  4.7
Summonings     | |  0.7
Translocations | |  0.7

Action                   || total
-------------------------++-------
Melee: Dagger            ||    13
       Unarmed           ||     1
 Cast: Magic Dart        ||    58
       Call Imp          ||     2
  Use: Scroll            ||     3
Armor: Robe              ||     3
Dodge: Dodged            ||    24

Table legend:
 A = Non-vault XP
 B = Vault XP
 C = Vault XP percentage of total XP
 D = Non-vault monster count
 E = Vault monster count
 F = Vault count percentage of total count
                 A         B        C        D         E       F
            +---------+---------+-------+---------+---------+-------
      Total |      36 |       2 |   5.3 |      20 |       1 |   4.8
            +---------+---------+-------+---------+---------+-------
        D:1 |      26 |       2 |   7.1 |      15 |       1 |   6.2
        D:2 |      10 |       0 |   0.0 |       5 |       0 |   0.0
            +---------+---------+-------+---------+---------+-------
